Red Wings vs Nordiques (R1)

Created - 20 décembre 2015 at 19:19

Goals
1 2 3 T
Red Wings 1 0 0 1
Nordiques 1 2 0 3
Shots
1 2 3 T
Red Wings 13 6 21 40
Nordiques 11 10 13 34

1st period

1. Nordiques , Daniel Briere 10 (Kristopher Letang, Fedor Tyutin) at 5:43
2. Red Wings , Sean Bergenheim 11 (Paul Martin, Jason Spezza) at 17:25

Penalties :
Toni Lydman (Que) for High sticking (Minor) at 7:47

2nd period

3. Nordiques , Vaclav Prospal 5 (Alexei Kovalev, Nikolai Kulemin) at 0:41
4. Nordiques , Vaclav Prospal 6 (Alexei Kovalev, Mark Eaton) at 5:16 (PP)

Penalties :
Martin Havlat (Det) for Slashing (Minor) at 3:32, Nate Thompson (Det) for Hooking (Minor) at 9:50

3rd period

No Goal

Penalties :
Mark Eaton (Que) for Hooking (Minor) at 10:57

Goalie Stats

Jonathan Quick (Det), 31 saves from 34 shots - (0,912), L, 11-8-3, 60:00 minutes
Martin Brodeur (Que), 39 saves from 40 shots - (0,975), W, 10-14-4, 60:00 minutes

Players Stats for Red Wings

Player Name              G  A  P  +/- PIM S  H  SB GA TA FO     MP     PP MP  PK MP  
------------------------------------------------------------------------------------
Adam Henrique            0  0  0   0  0   3  0  1  0  0  1/1    11:22   0:00   0:00 
Ales Hemsky              0  0  0   1  0   2  1  1  1  1  0/0    17:14   1:42   0:00 
Alex Picard              0  0  0   0  0   1  1  0  0  0  0/0     8:28   0:00   1:19 
Carson Mcmillan          0  0  0   0  0   0  2  0  0  0  0/0     7:10   0:00   0:00 
Jason Spezza             0  1  1  -2  0   5  2  0  0  1  15/28  22:58   2:16   2:04 
Martin Havlat            0  0  0  -2  2   3  0  0  1  0  1/1    21:18   2:16   0:20 
Maxim Kondratiev         0  0  0  -1  0   2  2  0  0  0  0/0    17:04   0:00   1:18 
Mike Brown               0  0  0   0  0   2  2  0  0  1  0/0    11:22   0:00   0:00 
Mike Richards            0  0  0   1  0   2  3  1  0  1  7/14   18:14   1:42   1:23 
Nate Thompson            0  0  0   0  2   1  1  0  0  0  1/2     7:09   0:00   0:00 
Ossi Vaananen            0  0  0   0  0   0  0  1  0  0  0/0     6:54   0:57   0:00 
Paul Martin              0  1  1   0  0   2  1  1  0  1  0/0    27:36   2:24   2:25 
Philip Samuelsson        0  0  0  -1  0   1  1  0  0  2  0/0    22:04   0:18   1:18 
Richard Jackman          0  0  0   0  0   0  2  2  1  1  0/0    17:55   1:34   0:00 
Rick Nash                0  0  0  -2  0   5  1  0  3  0  1/2    22:58   2:16   2:04 
Sean Bergenheim          1  0  1   1  0   5  4  2  3  0  1/1    17:03   1:42   0:00 
Shawn Horcoff            0  0  0   0  0   4  1  0  1  0  4/11   11:38   0:00   0:16 
Shea Weber               0  0  0   0  0   2  0  1  2  2  0/0    27:48   2:43   2:25 

Players Stats for Nordiques

Player Name              G  A  P  +/- PIM S  H  SB GA TA FO     MP     PP MP  PK MP  
------------------------------------------------------------------------------------
Alexei Kovalev           0  2  2   1  0   3  1  0  2  0  1/3    15:15   1:24   0:00 
Chris Drury              0  0  0   1  0   0  2  1  0  0  7/15   15:46   2:19   0:32 
Chris Neil               0  0  0  -1  0   0  1  0  0  0  0/0     7:57   0:00   0:00 
Daniel Briere            1  0  1   1  0   6  4  0  0  0  0/0    15:09   2:19   0:00 
Fedor Tyutin             0  1  1   2  0   3  2  2  1  3  0/0    26:29   2:21   1:21 
Jarret Stoll             0  0  0   0  0   2  0  0  0  0  9/19   17:33   0:00   0:00 
Kristopher Letang        0  1  1   2  0   2  1  0  4  2  0/0    25:06   2:21   0:09 
Kyle Calder              0  0  0  -1  0   0  0  0  0  0  0/0     8:34   0:00   0:46 
Mark Eaton               0  1  1   0  2   1  1  0  0  0  0/0    18:39   1:22   1:05 
Matt Moulson             0  0  0   1  0   3  1  0  0  1  0/1    15:15   1:24   0:00 
Niclas Wallin            0  0  0  -1  0   0  0  0  1  0  0/0    15:45   0:00   2:21 
Niklas Kronwall          0  0  0  -1  0   2  0  0  1  0  0/0    15:24   0:00   1:28 
Nikolai Kulemin          0  1  1   0  0   1  0  0  0  2  3/4    17:33   0:00   0:00 
Pascal Dupuis            0  0  0   0  0   3  1  4  1  1  0/0    19:46   0:00   2:13 
R.J. Umberger            0  0  0   1  0   3  0  0  0  0  3/5    17:22   2:19   2:27 
Rich Peverley            0  0  0  -1  0   2  3  0  0  1  1/3     8:59   0:00   0:59 
Toni Lydman              0  0  0   0  2   1  2  0  0  2  0/0    18:57   1:22   1:32 
Vaclav Prospal           2  0  2   1  0   2  1  0  0  0  5/10   16:31   1:24   0:59 

3 Stars

1 - Vaclav Prospal (Que)
2 - Martin Brodeur (Que)
3 - Sean Bergenheim (Det)

Power Play

Red Wings - 0 on 2 Attempt(s) - 0,00%
Nordiques - 1 on 2 Attempt(s) - 50,00%

Penalty Kill

Red Wings - 1 on 2 Attempt(s) - 50,00% - Score 0 goal in Penalty Kill
Nordiques - 2 on 2 Attempt(s) - 100,00% - Score 0 goal in Penalty Kill

Team Stat

Red Wings - Hits : 24 - Faceoff Wins : 31 - Blocked Shots : 10 - Penalty Minutes : 4
Nordiques - Hits : 20 - Faceoff Wins : 29 - Blocked Shots : 7 - Penalty Minutes : 4

Official

Referees : O'Rourke Dan and O'Halloran Dan
Linesman : Scott Driscoll and Scott Cherrey

Game Notes

Ossi Vaananen is injured at 2:27 of 2nd period (Back)

Finance

Level 1 -- Attendance: 3416 (56,93%) -- Ticket Income 427 000 $
Level 2 -- Attendance: 3121 (62,42%) -- Ticket Income 234 075 $
Level 3 -- Attendance: 944 (47,20%) -- Ticket Income 47 200 $
Level 4 -- Attendance: 1688 (42,20%) -- Ticket Income 67 520 $
Luxury Box -- Attendance: 693 (69,30%) -- Ticket Income 138 600 $
Game was played at the Centre Videotron'
Total Attendance: 9862 (54,79%)
Total Ticket Income: 914 395 $
Other Income: 137 159 $
Total Income: 1 051 554 $

Red Wings

5 vs 5 Forward 
   Center                   Left Wing                Right Wing               Time % Phy DF OF 
 1 Jason Spezza             Rick Nash                Martin Havlat            38     1   2  2  
 2 Mike Richards            Sean Bergenheim          Ales Hemsky              32     1   2  2  
 3 Shawn Horcoff            Adam Henrique            Mike Brown               20     1   2  2  
 4 Nate Thompson            Alex Picard              Carson Mcmillan          10     1   2  2  

5 vs 5 Defense 
   Defense                  Defense                                           Time % Phy DF OF 
 1 Shea Weber               Paul Martin                                       40     1   2  2  
 2 Richard Jackman          Ossi Vaananen                                     30     1   2  2  
 3 Philip Samuelsson        Maxim Kondratiev                                  20     1   2  2  
 4 Paul Martin              Shea Weber                                        10     1   2  2  

PowerPlay Forward 
   Center                   Left Wing                Right Wing               Time % Phy DF OF 
 1 Jason Spezza             Rick Nash                Martin Havlat            60     1   2  2  
 2 Mike Richards            Sean Bergenheim          Ales Hemsky              40     1   2  2  

PowerPlay Defense
   Defense                  Defense                                           Time % Phy DF OF 
 1 Shea Weber               Paul Martin                                       60     1   2  2  
 2 Richard Jackman          Ossi Vaananen                                     40     1   2  2  

Penalty Kill 4 Players Forward 
   Center                   Wing                     Time % Phy DF OF 
 1 Jason Spezza             Rick Nash                60     1   2  2  
 2 Mike Richards            Martin Havlat            40     1   2  2  

Penalty Kill 4 Players Defense
   Defense                  Defense                  Time % Phy DF OF 
 1 Shea Weber               Paul Martin              60     1   2  2  
 2 Philip Samuelsson        Maxim Kondratiev         40     1   2  2  

Penalty Kill - 3 Players Forward 
   Forward                                           Time % Phy DF OF 
 1 Jason Spezza                                      60     1   2  2  
 2 Rick Nash                                         40     1   2  2  

Penalty Kill - 3 Players Defense
   Defense                  Defense                  Time % Phy DF OF 
 1 Shea Weber               Paul Martin              60     1   2  2  
 2 Philip Samuelsson        Maxim Kondratiev         40     1   2  2  

4 vs 4 Forward 
   Center                   Wing                     Time % Phy DF OF 
 1 Jason Spezza             Rick Nash                60     1   2  2  
 2 Mike Richards            Martin Havlat            40     1   2  2  

4 vs 4 Defense
   Defense                  Defense                  Time % Phy DF OF 
 1 Shea Weber               Paul Martin              60     1   2  2  
 2 Richard Jackman          Ossi Vaananen            40     1   2  2  

Last Minutes Offensive
   Center                   Left Wing                Right Wing               Defense                  Defense                  
   Jason Spezza             Rick Nash                Martin Havlat            Shea Weber               Paul Martin              

Last Minutes Defensive
   Center                   Left Wing                Right Wing               Defense                  Defense                  
   Jason Spezza             Rick Nash                Martin Havlat            Shea Weber               Paul Martin              

Goaltenders
Starting : Jonathan Quick           
Backup : Scott Clemmensen         

Extra Forwards
Normal : Rick Nash, Sean Bergenheim, Mike Richards - PP : Shawn Horcoff, Sean Bergenheim - PK : Rick Nash
Extra Defensemen
Normal : Shea Weber, Ossi Vaananen, Paul Martin - PP : Shea Weber - PK : Ossi Vaananen, Paul Martin
Penalty Shots
Jason Spezza, Rick Nash, Mike Richards, Martin Havlat, Sean Bergenheim

Nordiques

5 vs 5 Forward 
   Center                   Left Wing                Right Wing               Time % Phy DF OF 
 1 Jarret Stoll             Nikolai Kulemin          Pascal Dupuis            40     0   3  2  
 2 Vaclav Prospal           Matt Moulson             Alexei Kovalev           30     0   3  2  
 3 Chris Drury              R.J. Umberger            Daniel Briere            20     0   3  2  
 4 Rich Peverley            Kyle Calder              Chris Neil               10     0   2  3  

5 vs 5 Defense 
   Defense                  Defense                                           Time % Phy DF OF 
 1 Fedor Tyutin             Kristopher Letang                                 40     0   4  1  
 2 Mark Eaton               Toni Lydman                                       30     0   4  1  
 3 Niclas Wallin            Niklas Kronwall                                   20     0   4  1  
 4 Fedor Tyutin             Kristopher Letang                                 10     0   4  1  

PowerPlay Forward 
   Center                   Left Wing                Right Wing               Time % Phy DF OF 
 1 Chris Drury              R.J. Umberger            Daniel Briere            60     0   0  5  
 2 Vaclav Prospal           Matt Moulson             Alexei Kovalev           40     0   0  5  

PowerPlay Defense
   Defense                  Defense                                           Time % Phy DF OF 
 1 Fedor Tyutin             Kristopher Letang                                 60     0   2  3  
 2 Mark Eaton               Toni Lydman                                       40     0   2  3  

Penalty Kill 4 Players Forward 
   Center                   Wing                     Time % Phy DF OF 
 1 R.J. Umberger            Pascal Dupuis            60     0   4  1  
 2 Rich Peverley            Vaclav Prospal           40     0   4  1  

Penalty Kill 4 Players Defense
   Defense                  Defense                  Time % Phy DF OF 
 1 Toni Lydman              Niclas Wallin            60     0   5  0  
 2 Mark Eaton               Niklas Kronwall          40     0   5  0  

Penalty Kill - 3 Players Forward 
   Forward                                           Time % Phy DF OF 
 1 Rich Peverley                                     60     0   5  0  
 2 Pascal Dupuis                                     40     0   5  0  

Penalty Kill - 3 Players Defense
   Defense                  Defense                  Time % Phy DF OF 
 1 Toni Lydman              Niclas Wallin            60     0   5  0  
 2 Mark Eaton               Niklas Kronwall          40     0   5  0  

4 vs 4 Forward 
   Center                   Wing                     Time % Phy DF OF 
 1 Chris Drury              R.J. Umberger            60     0   1  4  
 2 Daniel Briere            Vaclav Prospal           40     0   1  4  

4 vs 4 Defense
   Defense                  Defense                  Time % Phy DF OF 
 1 Fedor Tyutin             Kristopher Letang        60     0   3  2  
 2 Mark Eaton               Toni Lydman              40     0   3  2  

Last Minutes Offensive
   Center                   Left Wing                Right Wing               Defense                  Defense                  
   Chris Drury              R.J. Umberger            Daniel Briere            Fedor Tyutin             Kristopher Letang        

Last Minutes Defensive
   Center                   Left Wing                Right Wing               Defense                  Defense                  
   Chris Drury              R.J. Umberger            Daniel Briere            Mark Eaton               Niclas Wallin            

Goaltenders
Starting : Martin Brodeur           
Backup : Julien Ellis             

Extra Forwards
Normal : Chris Drury, Daniel Briere, Alexei Kovalev - PP : Chris Drury, Daniel Briere - PK : Pascal Dupuis
Extra Defensemen
Normal : Fedor Tyutin, Kristopher Letang, Mark Eaton - PP : Kristopher Letang - PK : Toni Lydman, Mark Eaton
Penalty Shots
Alexei Kovalev, Chris Drury, Daniel Briere, Jarret Stoll, Matt Moulson

% Time on Ice - Red Wings

Lines # - Real PCT - Wanted PCT - Time Play
Normal Forward
1 - 36% - 38% - 18:52
2 - 29% - 32% - 14:55
3 - 22% - 20% - 11:22
4 - 14% - 10% - 7:10
Normal Defense
1 - 36% - 40% - 18:38
2 - 38% - 30% - 19:38
3 - 24% - 20% - 12:30
4 - 3% - 10% - 1:33
PP Forward
1 - 57% - 60% - 2:16
2 - 43% - 40% - 1:42
PP Defense
1 - 61% - 60% - 2:24
2 - 39% - 40% - 1:34
PK Forward
1 - 81% - 60% - 3:00
2 - 19% - 40% - 0:43
PK Defense
1 - 65% - 60% - 2:25
2 - 35% - 40% - 1:18
PK3 Forward
1 - 0% - 60%
2 - 0% - 40%
PK3 Defense
1 - 0% - 60%
2 - 0% - 40%
44 Forward
1 - 0% - 60%
2 - 0% - 40%
44 Defense
1 - 0% - 60%
2 - 0% - 40%
Last Minute Offensive  - 0:00
Last Minute Defensive  - 0:00
Total
Forward - 60:00
Defense - 60:00

% Time on Ice - Nordiques

Lines # - Real PCT - Wanted PCT - Time Play
Normal Forward
1 - 34% - 40% - 17:48
2 - 27% - 30% - 14:22
3 - 24% - 20% - 12:26
4 - 15% - 10% - 7:43
Normal Defense
1 - 38% - 40% - 20:01
2 - 31% - 30% - 16:19
3 - 26% - 20% - 13:24
4 - 5% - 10% - 2:35
PP Forward
1 - 62% - 60% - 2:19
2 - 38% - 40% - 1:24
PP Defense
1 - 63% - 60% - 2:21
2 - 37% - 40% - 1:22
PK Forward
1 - 75% - 60% - 2:59
2 - 25% - 40% - 0:59
PK Defense
1 - 63% - 60% - 2:30
2 - 37% - 40% - 1:28
PK3 Forward
1 - 0% - 60%
2 - 0% - 40%
PK3 Defense
1 - 0% - 60%
2 - 0% - 40%
44 Forward
1 - 0% - 60%
2 - 0% - 40%
44 Defense
1 - 0% - 60%
2 - 0% - 40%
Last Minute Offensive  - 0:00
Last Minute Defensive  - 0:00
Total
Forward - 60:00
Defense - 60:00

Play by Play

1st period


0:01 of 1st period - Jason Spezza wins face-off versus Nikolai Kulemin in neutral zone.
0:55 of 1st period - Wrist shot by Shawn Horcoff.
0:55 of 1st period - Stopped by Martin Brodeur with a rebound.
1:39 of 1st period - Wrist shot by Pascal Dupuis.
1:39 of 1st period - Stopped by Jonathan Quick without a rebound.
1:40 of 1st period - Mike Richards wins face-off versus Rich Peverley in Red Wings zone.
2:36 of 1st period - Snap shot by Alexei Kovalev.
2:36 of 1st period - Stopped by Jonathan Quick with a rebound.
2:38 of 1st period - Snap shot by Kristopher Letang.
2:38 of 1st period - Deflect By Ossi Vaananen.
2:38 of 1st period - Stopped by Jonathan Quick without a rebound.
2:39 of 1st period - Mike Richards wins face-off versus Jarret Stoll in Red Wings zone.
2:44 of 1st period - Kristopher Letang is hit by Sean Bergenheim and loses puck.
3:32 of 1st period - Wrist shot by Sean Bergenheim.
3:32 of 1st period - Shot Misses the Net.
3:34 of 1st period - Slapshot by Ossi Vaananen.
3:34 of 1st period - Shot Blocked by Fedor Tyutin.
3:36 of 1st period - Slapshot by Ossi Vaananen.
3:36 of 1st period - Shot Misses the Net.
3:38 of 1st period - Slapshot by Ossi Vaananen.
3:38 of 1st period - Shot Misses the Net.
3:40 of 1st period - Snap shot by Sean Bergenheim.
3:40 of 1st period - Stopped by Martin Brodeur with a rebound.
3:42 of 1st period - Wrist shot by Sean Bergenheim.
3:42 of 1st period - Stopped by Martin Brodeur without a rebound.
3:43 of 1st period - Jason Spezza wins face-off versus Jarret Stoll in Nordiques zone.
3:44 of 1st period - Snap shot by Rick Nash.
3:44 of 1st period - Stopped by Martin Brodeur without a rebound.
3:45 of 1st period - Jason Spezza wins face-off versus Jarret Stoll in Nordiques zone.
4:10 of 1st period - Niklas Kronwall is hit by Paul Martin and loses puck.
4:16 of 1st period - Icing by Niclas Wallin.
4:17 of 1st period - Alexei Kovalev wins face-off versus Jason Spezza in Nordiques zone.
5:12 of 1st period - Wrist shot by Rich Peverley.
5:12 of 1st period - Stopped by Jonathan Quick with a rebound.
5:14 of 1st period - Slapshot by Niklas Kronwall.
5:14 of 1st period - Stopped by Jonathan Quick without a rebound.
5:15 of 1st period - Shawn Horcoff wins face-off versus Rich Peverley in Red Wings zone.
5:17 of 1st period - Icing by Adam Henrique.
5:18 of 1st period - Nikolai Kulemin wins face-off versus Shawn Horcoff in Red Wings zone.
5:27 of 1st period - Slapshot by Shawn Horcoff.
5:27 of 1st period - Stopped by Martin Brodeur with a rebound.
5:31 of 1st period - Wrist shot by Adam Henrique.
5:31 of 1st period - Shot Misses the Net.
5:33 of 1st period - Slapshot by Philip Samuelsson.
5:33 of 1st period - Shot Blocked by Pascal Dupuis.
5:43 of 1st period - Snap shot by Kristopher Letang.
5:43 of 1st period - Deflect By Daniel Briere.
5:43 of 1st period - Goal by Daniel Briere - Red Wings : 0 - Nordiques : 1.
5:44 of 1st period - Chris Drury wins face-off versus Rick Nash in neutral zone.
5:57 of 1st period - Snap shot by Rick Nash.
5:57 of 1st period - Shot Blocked by Fedor Tyutin.
5:59 of 1st period - Snap shot by Martin Havlat.
5:59 of 1st period - Stopped by Martin Brodeur with a rebound.
6:09 of 1st period - Ales Hemsky is hit by Fedor Tyutin and loses puck.
6:33 of 1st period - Off-side.
6:34 of 1st period - Vaclav Prospal wins face-off versus Jason Spezza in neutral zone.
6:43 of 1st period - Jason Spezza is hit by Kristopher Letang.
6:59 of 1st period - Rich Peverley is hit by Alex Picard and loses puck.
7:20 of 1st period - Wrist shot by Sean Bergenheim.
7:20 of 1st period - Stopped by Martin Brodeur with a rebound.
7:22 of 1st period - Snap shot by Maxim Kondratiev.
7:22 of 1st period - Stopped by Martin Brodeur with a rebound.
7:24 of 1st period - Slapshot by Philip Samuelsson.
7:24 of 1st period - Shot Misses the Net.
7:26 of 1st period - Slapshot by Shea Weber.
7:26 of 1st period - Stopped by Martin Brodeur without a rebound.
7:27 of 1st period - Rick Nash wins face-off versus Chris Drury in Nordiques zone.
7:28 of 1st period - Wrist shot by Jason Spezza.
7:28 of 1st period - Shot Blocked by Chris Drury.
7:47 of 1st period - Minor Penalty to Toni Lydman for High sticking.
7:48 of 1st period - R.J. Umberger wins face-off versus Jason Spezza in Nordiques zone.
8:48 of 1st period - Icing by Ales Hemsky.
8:49 of 1st period - Chris Drury wins face-off versus Mike Richards in Red Wings zone.
9:18 of 1st period - Slapshot by Rick Nash.
9:18 of 1st period - Shot Misses the Net.
9:29 of 1st period - Icing by Richard Jackman.
9:30 of 1st period - Jason Spezza wins face-off versus R.J. Umberger in Red Wings zone.
9:47 of 1st period - Penalty to Toni Lydman is over, Toni Lydman is back on ice.
9:49 of 1st period - Snap shot by Rich Peverley.
9:49 of 1st period - Shot Misses the Net.
10:07 of 1st period - Snap shot by Jarret Stoll.
10:07 of 1st period - Stopped by Jonathan Quick without a rebound.
10:08 of 1st period - Jarret Stoll wins face-off versus Shawn Horcoff in Red Wings zone.
10:15 of 1st period - Snap shot by Nikolai Kulemin.
10:15 of 1st period - Shot Misses the Net.
10:17 of 1st period - Wrist shot by Pascal Dupuis.
10:17 of 1st period - Stopped by Jonathan Quick without a rebound.
10:18 of 1st period - Jarret Stoll wins face-off versus Jason Spezza in Red Wings zone.
10:43 of 1st period - Slapshot by Fedor Tyutin.
10:43 of 1st period - Stopped by Jonathan Quick with a rebound.
12:08 of 1st period - Snap shot by Vaclav Prospal.
12:08 of 1st period - Shot Misses the Net.
12:12 of 1st period - Snap shot by Vaclav Prospal.
12:12 of 1st period - Shot Blocked by Ales Hemsky.
13:13 of 1st period - Slapshot by Nikolai Kulemin.
13:13 of 1st period - Shot Misses the Net.
13:19 of 1st period - Slapshot by Jarret Stoll.
13:19 of 1st period - Stopped by Jonathan Quick without a rebound.
13:20 of 1st period - Jason Spezza wins face-off versus Alexei Kovalev in Red Wings zone.
13:27 of 1st period - Slapshot by Kristopher Letang.
13:27 of 1st period - Shot Blocked by Richard Jackman.
13:56 of 1st period - Snap shot by Mike Richards.
13:56 of 1st period - Stopped by Martin Brodeur with a rebound.
15:49 of 1st period - Shawn Horcoff is hit by Rich Peverley and loses puck.
16:12 of 1st period - Snap shot by Jason Spezza.
16:12 of 1st period - Shot Misses the Net.
16:52 of 1st period - R.J. Umberger is hit by Nate Thompson and loses puck.
17:23 of 1st period - Wrist shot by Sean Bergenheim.
17:23 of 1st period - Shot Misses the Net.
17:25 of 1st period - Wrist shot by Sean Bergenheim.
17:25 of 1st period - Goal by Sean Bergenheim - Red Wings : 1 - Nordiques : 1.
17:26 of 1st period - Jason Spezza wins face-off versus Jarret Stoll in neutral zone.
17:35 of 1st period - Slapshot by Fedor Tyutin.
17:35 of 1st period - Stopped by Jonathan Quick without a rebound.
17:36 of 1st period - Jarret Stoll wins face-off versus Jason Spezza in Red Wings zone.
18:28 of 1st period - Wrist shot by Rick Nash.
18:28 of 1st period - Shot Misses the Net.
18:50 of 1st period - Slapshot by Jason Spezza.
18:50 of 1st period - Stopped by Martin Brodeur without a rebound.
18:51 of 1st period - Sean Bergenheim wins face-off versus Vaclav Prospal in Nordiques zone.
19:09 of 1st period - Toni Lydman is hit by Sean Bergenheim and loses puck.
19:20 of 1st period - Slapshot by Mark Eaton.
19:20 of 1st period - Shot Blocked by Adam Henrique.
19:28 of 1st period - Snap shot by Mike Brown.
19:28 of 1st period - Deflect By Toni Lydman.
19:28 of 1st period - Shot Misses the Net.
19:28 of 1st period - Puck is out of play.
19:29 of 1st period - Nate Thompson wins face-off versus Chris Drury in Nordiques zone.
19:32 of 1st period - Wrist shot by Nate Thompson.
19:32 of 1st period - Stopped by Martin Brodeur with a rebound.
19:55 of 1st period - Matt Moulson is hit by Philip Samuelsson.
Goals for this period are 1 for Red Wings vs 1 for Nordiques.
Shots for this period are 13 for Red Wings vs 11 for Nordiques.

2nd period


0:01 of 2nd period - Jarret Stoll wins face-off versus Mike Richards in neutral zone.
0:14 of 2nd period - Nikolai Kulemin is hit by Sean Bergenheim.
0:39 of 2nd period - Backhand shot by Alexei Kovalev.
0:39 of 2nd period - Shot Misses the Net.
0:41 of 2nd period - Wrist shot by Vaclav Prospal.
0:41 of 2nd period - Goal by Vaclav Prospal - Red Wings : 1 - Nordiques : 2.
0:42 of 2nd period - Nikolai Kulemin wins face-off versus Mike Richards in neutral zone.
0:45 of 2nd period - Richard Jackman is hit by Mark Eaton and loses puck.
0:50 of 2nd period - Wrist shot by Pascal Dupuis.
0:50 of 2nd period - Shot Misses the Net.
0:52 of 2nd period - Slapshot by Mark Eaton.
0:52 of 2nd period - Shot Blocked by Sean Bergenheim.
0:54 of 2nd period - Slapshot by Toni Lydman.
0:54 of 2nd period - Stopped by Jonathan Quick with a rebound.
0:56 of 2nd period - Slapshot by Toni Lydman.
0:56 of 2nd period - Shot Blocked by Richard Jackman.
1:33 of 2nd period - Wrist shot by Daniel Briere.
1:33 of 2nd period - Deflect By R.J. Umberger.
1:33 of 2nd period - Shot Misses the Net.
1:33 of 2nd period - Puck is out of play.
1:34 of 2nd period - Mike Richards wins face-off versus Chris Drury in Red Wings zone.
1:48 of 2nd period - Off-side.
1:49 of 2nd period - Martin Havlat wins face-off versus Jarret Stoll in neutral zone.
2:27 of 2nd period - Slapshot by Kristopher Letang.
2:27 of 2nd period - Shot Blocked by Ossi Vaananen.
2:27 of 2nd period - Ossi Vaananen from Red Wings is injured at 2:27 of 2nd period (Back).
2:28 of 2nd period - Jarret Stoll wins face-off versus Jason Spezza in Red Wings zone.
2:49 of 2nd period - Martin Havlat is hit by Pascal Dupuis and loses puck.
3:32 of 2nd period - Minor Penalty to Martin Havlat for Slashing.
3:33 of 2nd period - Mike Richards wins face-off versus Chris Drury in Red Wings zone.
3:46 of 2nd period - Slapshot by Daniel Briere.
3:46 of 2nd period - Deflect By Mike Richards.
3:46 of 2nd period - Stopped by Jonathan Quick without a rebound.
3:47 of 2nd period - Chris Drury wins face-off versus Jason Spezza in Red Wings zone.
3:50 of 2nd period - Wrist shot by R.J. Umberger.
3:50 of 2nd period - Shot Misses the Net.
3:52 of 2nd period - Wrist shot by Daniel Briere.
3:52 of 2nd period - Shot Misses the Net.
3:54 of 2nd period - Slapshot by Daniel Briere.
3:54 of 2nd period - Stopped by Jonathan Quick without a rebound.
3:55 of 2nd period - Jason Spezza wins face-off versus Chris Drury in Red Wings zone.
4:48 of 2nd period - Wrist shot by Kristopher Letang.
4:48 of 2nd period - Shot Misses the Net.
4:50 of 2nd period - Snap shot by Chris Drury.
4:50 of 2nd period - Shot Misses the Net.
4:52 of 2nd period - Wrist shot by R.J. Umberger.
4:52 of 2nd period - Stopped by Jonathan Quick without a rebound.
4:53 of 2nd period - Vaclav Prospal wins face-off versus Mike Richards in Red Wings zone.
4:58 of 2nd period - Slapshot by Vaclav Prospal.
4:58 of 2nd period - Shot Blocked by Mike Richards.
5:00 of 2nd period - Wrist shot by Alexei Kovalev.
5:00 of 2nd period - Shot Misses the Net.
5:02 of 2nd period - Snap shot by Alexei Kovalev.
5:02 of 2nd period - Shot Misses the Net.
5:04 of 2nd period - Snap shot by Matt Moulson.
5:04 of 2nd period - Stopped by Jonathan Quick without a rebound.
5:05 of 2nd period - Jason Spezza wins face-off versus Alexei Kovalev in Red Wings zone.
5:16 of 2nd period - Wrist shot by Vaclav Prospal.
5:16 of 2nd period - Goal by Vaclav Prospal - Red Wings : 1 - Nordiques : 3.
5:17 of 2nd period - Mike Richards wins face-off versus Vaclav Prospal in neutral zone.
5:47 of 2nd period - Wrist shot by Pascal Dupuis.
5:47 of 2nd period - Shot Misses the Net.
7:16 of 2nd period - Snap shot by Mike Richards.
7:16 of 2nd period - Deflect By Sean Bergenheim.
7:16 of 2nd period - Stopped by Martin Brodeur with a rebound.
7:24 of 2nd period - Snap shot by Alexei Kovalev.
7:24 of 2nd period - Stopped by Jonathan Quick with a rebound.
7:34 of 2nd period - Sean Bergenheim is hit by Daniel Briere and loses puck.
8:36 of 2nd period - R.J. Umberger is hit by Mike Brown and loses puck.
8:42 of 2nd period - Icing by Chris Drury.
8:43 of 2nd period - Chris Drury wins face-off versus Shawn Horcoff in Nordiques zone.
9:09 of 2nd period - Slapshot by Chris Drury.
9:09 of 2nd period - Deflect By R.J. Umberger.
9:09 of 2nd period - Shot Misses the Net.
9:09 of 2nd period - Puck is out of play.
9:10 of 2nd period - Vaclav Prospal wins face-off versus Jason Spezza in Red Wings zone.
9:25 of 2nd period - Wrist shot by Alexei Kovalev.
9:25 of 2nd period - Stopped by Jonathan Quick with a rebound.
9:35 of 2nd period - Jarret Stoll is hit by Carson Mcmillan and loses puck.
9:50 of 2nd period - Minor Penalty to Nate Thompson for Hooking.
9:51 of 2nd period - Jason Spezza wins face-off versus Chris Drury in Red Wings zone.
9:51 of 2nd period - Jason Spezza is hit by Daniel Briere.
10:25 of 2nd period - Wrist shot by Vaclav Prospal.
10:25 of 2nd period - Shot Blocked by Shea Weber.
10:27 of 2nd period - Slapshot by Toni Lydman.
10:27 of 2nd period - Shot Misses the Net.
11:50 of 2nd period - Penalty to Nate Thompson is over, Nate Thompson is back on ice.
12:13 of 2nd period - Snap shot by Pascal Dupuis.
12:13 of 2nd period - Stopped by Jonathan Quick with a rebound.
12:15 of 2nd period - Slapshot by Mark Eaton.
12:15 of 2nd period - Shot Blocked by Sean Bergenheim.
13:20 of 2nd period - Toni Lydman is hit by Sean Bergenheim and loses puck.
14:04 of 2nd period - R.J. Umberger is hit by Mike Brown and loses puck.
14:32 of 2nd period - Vaclav Prospal is hit by Jason Spezza.
14:42 of 2nd period - Chris Neil is hit by Richard Jackman and loses puck.
15:21 of 2nd period - Jason Spezza is hit by Daniel Briere and loses puck.
15:32 of 2nd period - Rick Nash is hit by Toni Lydman and loses puck.
15:51 of 2nd period - Fedor Tyutin is hit by Ales Hemsky and loses puck.
16:14 of 2nd period - Wrist shot by Mike Brown.
16:14 of 2nd period - Stopped by Martin Brodeur without a rebound.
16:15 of 2nd period - Adam Henrique wins face-off versus Vaclav Prospal in Nordiques zone.
16:26 of 2nd period - Wrist shot by Adam Henrique.
16:26 of 2nd period - Shot Misses the Net.
16:28 of 2nd period - Slapshot by Shea Weber.
16:28 of 2nd period - Stopped by Martin Brodeur without a rebound.
16:29 of 2nd period - Jason Spezza wins face-off versus Jarret Stoll in Nordiques zone.
16:30 of 2nd period - Backhand shot by Rick Nash.
16:30 of 2nd period - Stopped by Martin Brodeur without a rebound.
16:31 of 2nd period - Jason Spezza wins face-off versus Jarret Stoll in Nordiques zone.
16:36 of 2nd period - Backhand shot by Rick Nash.
16:36 of 2nd period - Shot Misses the Net.
17:09 of 2nd period - Toni Lydman is hit by Mike Richards.
17:23 of 2nd period - Chris Neil is hit by Mike Richards and loses puck.
17:47 of 2nd period - Icing by Philip Samuelsson.
17:48 of 2nd period - Jason Spezza wins face-off versus Chris Drury in Red Wings zone.
18:29 of 2nd period - Slapshot by Rick Nash.
18:29 of 2nd period - Shot Misses the Net.
18:49 of 2nd period - Snap shot by Jason Spezza.
18:49 of 2nd period - Shot Misses the Net.
18:51 of 2nd period - Slapshot by Jason Spezza.
18:51 of 2nd period - Stopped by Martin Brodeur with a rebound.
18:53 of 2nd period - Wrist shot by Rick Nash.
18:53 of 2nd period - Stopped by Martin Brodeur without a rebound.
18:54 of 2nd period - Jarret Stoll wins face-off versus Mike Richards in Nordiques zone.
19:58 of 2nd period - Snap shot by Mike Richards.
19:58 of 2nd period - Shot Blocked by Pascal Dupuis.
Goals for this period are 0 for Red Wings vs 2 for Nordiques.
Shots for this period are 6 for Red Wings vs 10 for Nordiques.

3rd period


0:01 of 3rd period - Jarret Stoll wins face-off versus Jason Spezza in neutral zone.
0:32 of 3rd period - Snap shot by Ales Hemsky.
0:32 of 3rd period - Stopped by Martin Brodeur with a rebound.
0:34 of 3rd period - Slapshot by Paul Martin.
0:34 of 3rd period - Stopped by Martin Brodeur with a rebound.
0:36 of 3rd period - Slapshot by Ales Hemsky.
0:36 of 3rd period - Shot Misses the Net.
1:00 of 3rd period - Snap shot by Adam Henrique.
1:00 of 3rd period - Stopped by Martin Brodeur with a rebound.
1:14 of 3rd period - Maxim Kondratiev is hit by Rich Peverley and loses puck.
1:31 of 3rd period - Pascal Dupuis is hit by Mike Richards and loses puck.
1:55 of 3rd period - Paul Martin is hit by Alexei Kovalev and loses puck.
2:16 of 3rd period - Richard Jackman is hit by Rich Peverley and loses puck.
2:45 of 3rd period - Icing by Mike Brown.
2:46 of 3rd period - Shawn Horcoff wins face-off versus Jarret Stoll in Red Wings zone.
2:51 of 3rd period - Wrist shot by Adam Henrique.
2:51 of 3rd period - Stopped by Martin Brodeur with a rebound.
2:53 of 3rd period - Snap shot by Shawn Horcoff.
2:53 of 3rd period - Shot Blocked by Pascal Dupuis.
2:57 of 3rd period - Wrist shot by Adam Henrique.
2:57 of 3rd period - Stopped by Martin Brodeur with a rebound.
2:59 of 3rd period - Slapshot by Shawn Horcoff.
2:59 of 3rd period - Stopped by Martin Brodeur with a rebound.
3:23 of 3rd period - Mike Brown is hit by Chris Drury and loses puck.
3:29 of 3rd period - Icing by Maxim Kondratiev.
3:30 of 3rd period - Shawn Horcoff wins face-off versus Vaclav Prospal in Red Wings zone.
3:38 of 3rd period - Slapshot by Maxim Kondratiev.
3:38 of 3rd period - Shot Misses the Net.
3:44 of 3rd period - Snap shot by Mike Brown.
3:44 of 3rd period - Shot Hit the Post.
3:55 of 3rd period - Wrist shot by Shawn Horcoff.
3:55 of 3rd period - Stopped by Martin Brodeur with a rebound.
3:57 of 3rd period - Slapshot by Maxim Kondratiev.
3:57 of 3rd period - Shot Misses the Net.
3:59 of 3rd period - Backhand shot by Maxim Kondratiev.
3:59 of 3rd period - Stopped by Martin Brodeur with a rebound.
4:01 of 3rd period - Slapshot by Philip Samuelsson.
4:01 of 3rd period - Stopped by Martin Brodeur without a rebound.
4:02 of 3rd period - Mike Richards wins face-off versus Jarret Stoll in Nordiques zone.
4:13 of 3rd period - Snap shot by Mike Richards.
4:13 of 3rd period - Stopped by Martin Brodeur with a rebound.
4:15 of 3rd period - Slapshot by Paul Martin.
4:15 of 3rd period - Stopped by Martin Brodeur with a rebound.
4:17 of 3rd period - Slapshot by Sean Bergenheim.
4:17 of 3rd period - Shot Blocked by Pascal Dupuis.
4:27 of 3rd period - Paul Martin is hit by Fedor Tyutin and loses puck.
4:54 of 3rd period - Snap shot by Alex Picard.
4:54 of 3rd period - Stopped by Martin Brodeur without a rebound.
4:55 of 3rd period - Jason Spezza wins face-off versus Matt Moulson in Nordiques zone.
5:34 of 3rd period - Slapshot by Kristopher Letang.
5:34 of 3rd period - Stopped by Jonathan Quick without a rebound.
5:35 of 3rd period - Jarret Stoll wins face-off versus Nate Thompson in Red Wings zone.
5:38 of 3rd period - Slapshot by Nikolai Kulemin.
5:38 of 3rd period - Stopped by Jonathan Quick with a rebound.
6:12 of 3rd period - Slapshot by Daniel Briere.
6:12 of 3rd period - Stopped by Jonathan Quick without a rebound.
6:13 of 3rd period - Vaclav Prospal wins face-off versus Mike Richards in Red Wings zone.
6:16 of 3rd period - Snap shot by Matt Moulson.
6:16 of 3rd period - Stopped by Jonathan Quick with a rebound.
6:57 of 3rd period - Icing by Shea Weber.
6:58 of 3rd period - Jason Spezza wins face-off versus Chris Drury in Red Wings zone.
7:05 of 3rd period - Slapshot by Daniel Briere.
7:05 of 3rd period - Stopped by Jonathan Quick without a rebound.
7:06 of 3rd period - Mike Richards wins face-off versus Jarret Stoll in Red Wings zone.
7:52 of 3rd period - Daniel Briere is hit by Carson Mcmillan and loses puck.
8:17 of 3rd period - Slapshot by Rich Peverley.
8:17 of 3rd period - Stopped by Jonathan Quick without a rebound.
8:18 of 3rd period - Rich Peverley wins face-off versus Shawn Horcoff in Red Wings zone.
9:29 of 3rd period - Slapshot by Niklas Kronwall.
9:29 of 3rd period - Stopped by Jonathan Quick with a rebound.
10:15 of 3rd period - Maxim Kondratiev is hit by Daniel Briere and loses puck.
10:57 of 3rd period - Minor Penalty to Mark Eaton for Hooking.
10:58 of 3rd period - Jason Spezza wins face-off versus R.J. Umberger in Nordiques zone.
11:11 of 3rd period - Icing by Paul Martin.
11:12 of 3rd period - R.J. Umberger wins face-off versus Jason Spezza in Red Wings zone.
11:17 of 3rd period - Wrist shot by R.J. Umberger.
11:17 of 3rd period - Stopped by Jonathan Quick with a rebound.
11:49 of 3rd period - Snap shot by Rick Nash.
11:49 of 3rd period - Stopped by Martin Brodeur with a rebound.
11:51 of 3rd period - Wrist shot by Jason Spezza.
11:51 of 3rd period - Stopped by Martin Brodeur without a rebound.
11:52 of 3rd period - R.J. Umberger wins face-off versus Jason Spezza in Nordiques zone.
11:52 of 3rd period - R.J. Umberger is hit by Richard Jackman.
12:57 of 3rd period - Penalty to Mark Eaton is over, Mark Eaton is back on ice.
13:07 of 3rd period - Slapshot by Mike Brown.
13:07 of 3rd period - Stopped by Martin Brodeur without a rebound.
13:08 of 3rd period - Vaclav Prospal wins face-off versus Shawn Horcoff in Nordiques zone.
13:08 of 3rd period - Vaclav Prospal is hit by Maxim Kondratiev.
13:22 of 3rd period - Maxim Kondratiev is hit by Matt Moulson and loses puck.
13:57 of 3rd period - Pascal Dupuis is hit by Maxim Kondratiev and loses puck.
14:02 of 3rd period - Wrist shot by Jason Spezza.
14:02 of 3rd period - Stopped by Martin Brodeur with a rebound.
14:18 of 3rd period - Snap shot by Chris Drury.
14:18 of 3rd period - Shot Misses the Net.
14:20 of 3rd period - Snap shot by R.J. Umberger.
14:20 of 3rd period - Stopped by Jonathan Quick without a rebound.
14:21 of 3rd period - Chris Drury wins face-off versus Mike Richards in Red Wings zone.
14:46 of 3rd period - Fedor Tyutin is hit by Rick Nash and loses puck.
14:57 of 3rd period - Richard Jackman is hit by Vaclav Prospal and loses puck.
15:10 of 3rd period - Jarret Stoll is hit by Shawn Horcoff and loses puck.
15:31 of 3rd period - Alex Picard is hit by Chris Neil.
15:58 of 3rd period - Philip Samuelsson is hit by Chris Drury and loses puck.
16:19 of 3rd period - Slapshot by Fedor Tyutin.
16:19 of 3rd period - Stopped by Jonathan Quick without a rebound.
16:20 of 3rd period - Shawn Horcoff wins face-off versus Vaclav Prospal in Red Wings zone.
16:29 of 3rd period - Snap shot by Alexei Kovalev.
16:29 of 3rd period - Shot Misses the Net.
16:45 of 3rd period - Fedor Tyutin is hit by Jason Spezza and loses puck.
16:50 of 3rd period - Snap shot by Martin Havlat.
16:50 of 3rd period - Stopped by Martin Brodeur with a rebound.
16:52 of 3rd period - Slapshot by Martin Havlat.
16:52 of 3rd period - Stopped by Martin Brodeur with a rebound.
16:54 of 3rd period - Snap shot by Jason Spezza.
16:54 of 3rd period - Stopped by Martin Brodeur without a rebound.
16:55 of 3rd period - Chris Drury wins face-off versus Jason Spezza in Nordiques zone.
17:00 of 3rd period - Backhand shot by Toni Lydman.
17:00 of 3rd period - Shot Blocked by Paul Martin.
17:02 of 3rd period - Snap shot by Mark Eaton.
17:02 of 3rd period - Stopped by Jonathan Quick with a rebound.
17:04 of 3rd period - Slapshot by Daniel Briere.
17:04 of 3rd period - Stopped by Jonathan Quick without a rebound.
17:05 of 3rd period - Chris Drury wins face-off versus Jason Spezza in Red Wings zone.
17:37 of 3rd period - Snap shot by Rick Nash.
17:37 of 3rd period - Stopped by Martin Brodeur without a rebound.
17:38 of 3rd period - Nikolai Kulemin wins face-off versus Shawn Horcoff in Nordiques zone.
18:13 of 3rd period - Snap shot by Ales Hemsky.
18:13 of 3rd period - Stopped by Martin Brodeur without a rebound.
18:14 of 3rd period - Jarret Stoll wins face-off versus Shawn Horcoff in Nordiques zone.
18:39 of 3rd period - Rick Nash is hit by Toni Lydman and loses puck.
18:46 of 3rd period - Snap shot by Matt Moulson.
18:46 of 3rd period - Shot Misses the Net.
18:48 of 3rd period - Backhand shot by Matt Moulson.
18:48 of 3rd period - Stopped by Jonathan Quick with a rebound.
Goals for this period are 0 for Red Wings vs 0 for Nordiques.
Shots for this period are 21 for Red Wings vs 13 for Nordiques.


Output by the SimonT Hockey Simulator (STHS) for François Prévost -- Original Page W3C XHTML 1.0 Valid
Hockey Simulator - Hockey Simulation - Hockey Manager